3L
CAPITAL DISTRICT RED KNIGHTS @ BROOKLYN DODGERS
08/10/2026
 
TOP OF THE 1ST
Capital District Red Knights batting - Pitching for Brooklyn Dodgers : RHP Bruce Wright
Pitching: RHP Bruce Wright
Batting: RHB Danilo Mosca 0-0: Swinging Strike
0-1: Called Strike
0-2: Ball
1-2: Ball
2-2: Ball
3-2: Base on Balls
Batting: LHB Francisco Sánchez 0-0: Swinging Strike
0-1: Ball
1-1: Ball
2-1: Foul Ball, location: 2F
2-2: Ball
3-2: Fielders Choice at 2nd, 4-6 (Groundball, 4)
Batting: RHB Sergio Ortíz 0-0: Ball
1-0: Ball
2-0: Foul Ball, location: 2F
2-1: SINGLE (Groundball, 6D)
Francisco Sánchez to second
Batting: RHB Chris Costa 0-0: Grounds into double play, 6-4-3 (Groundball, 6)
Top of the 1st over - 0 run(s), 1 hit(s), 0 error(s), 1 left on base; Capital District 0 - Brooklyn 0
BOTTOM OF THE 1ST
Brooklyn Dodgers batting - Pitching for Capital District Red Knights : LHP Myles Wilkerson
Pitching: LHP Myles Wilkerson
Batting: RHB Josh Stafford 0-0: Ball
1-0: Ball
2-0: Swinging Strike
2-1: Ball
3-1: Base on Balls
Batting: RHB Thom Wilcox 0-0: Foul Ball, location: 2F
0-1: Ball
1-1: Called Strike
1-2: Strikes out swinging
Batting: RHB Gustavo Mateo 0-0: Foul Ball, location: 2F
0-1: Ball
1-1: Ball
2-1: Called Strike
2-2: Ball
3-2: Base on Balls
Josh Stafford to second
Batting: LHB Avon Barksdale 0-0: Fly out, F9 (Flyball, 9S)
Batting: LHB Ron Bascombe 0-0: Called Strike
0-1: Ball
1-1: Called Strike
1-2: Strikes out swinging
Bottom of the 1st over - 0 run(s), 0 hit(s), 0 error(s), 2 left on base; Capital District 0 - Brooklyn 0
TOP OF THE 2ND
Capital District Red Knights batting - Pitching for Brooklyn Dodgers : RHP Bruce Wright
Batting: LHB Mike Cook 0-0: Ball
1-0: Ground out 4-3 (Groundball, 4M)
Batting: RHB José Paz 0-0: Called Strike
0-1: Foul Ball, location: 2F
0-2: Ball
1-2: Ball
2-2: Strikes out looking
Batting: SHB Zuberi Mccray 0-0: Ground out 3-1 (Groundball, 34S)
Top of the 2nd over - 0 run(s), 0 hit(s), 0 error(s), 0 left on base; Capital District 0 - Brooklyn 0
BOTTOM OF THE 2ND
Brooklyn Dodgers batting - Pitching for Capital District Red Knights : LHP Myles Wilkerson
Batting: RHB Tony Justice 0-0: SINGLE (Groundball, 56D)
Batting: SHB Leonard O'Connor 0-0: Ball
1-0: Ball
2-0: Ball
3-0: Called Strike
3-1: Foul Ball, location: 2F
3-2: Foul Ball, location: 2F
3-2: Foul Ball, location: 2F
3-2: Foul Ball, location: 2F
3-2: Base on Balls
Tony Justice to second
Batting: SHB Felipe Cisneros 0-0: Called Strike
0-1: SINGLE (Line Drive, 56D)
Tony Justice to third
Leonard O'Connor to second
Batting: RHB Vincent Crane 0-0: Swinging Strike
0-1: Swinging Strike
0-2: Foul Ball, location: 2F
0-2: Strikes out swinging
Batting: RHB Josh Stafford 0-0: Fly out, F9 (Line Drive, 9LM)
Runner from 3rd tags up, SCORES, no throw
Batting: RHB Thom Wilcox 0-0: Ball
1-0: Foul Ball, location: 2F
1-1: Fly out, F5 (Line Drive, 5L)
Bottom of the 2nd over - 1 run(s), 2 hit(s), 0 error(s), 2 left on base; Capital District 0 - Brooklyn 1
TOP OF THE 3RD
Capital District Red Knights batting - Pitching for Brooklyn Dodgers : RHP Bruce Wright
Batting: RHB Alfonso Enríquez 0-0: Ball
1-0: Ball
2-0: Called Strike
2-1: Ball
3-1: Foul Ball, location: 2F
3-2: Foul Ball, location: 2F
3-2: Foul Ball, location: 2F
3-2: Strikes out looking
Batting: SHB Bernardo Hernández 0-0: Ball
1-0: Called Strike
1-1: Ball
2-1: Ball
3-1: Ground out 4-3 (Groundball, 4D)
Batting: RHB Danilo Mosca 0-0: Swinging Strike
0-1: Called Strike
0-2: Ball
1-2: SINGLE (Flyball, 8RM)
Batting: LHB Francisco Sánchez 0-0: Ball
1-0: SINGLE (Groundball, 4D)
Danilo Mosca to second
Runner from 2nd tries for 3rd, SAFE, throw made to third
Batting: RHB Sergio Ortíz 0-0: Called Strike
0-1: Foul Ball, location: 2F
0-2: Foul Ball, location: 2F
0-2: Ball
1-2: Fly out, F9 (Flyball, 89S)
Top of the 3rd over - 0 run(s), 2 hit(s), 0 error(s), 2 left on base; Capital District 0 - Brooklyn 1
BOTTOM OF THE 3RD
Brooklyn Dodgers batting - Pitching for Capital District Red Knights : LHP Myles Wilkerson
Batting: RHB Gustavo Mateo 0-0: Ball
1-0: Called Strike
1-1: Foul Ball, location: 2F
1-2: Strikes out swinging
Batting: LHB Avon Barksdale 0-0: Ball
1-0: Foul Ball, location: 2F
1-1: Ground out 4-3 (Groundball, 4)
Batting: LHB Ron Bascombe 0-0: Ball
1-0: Ball
2-0: Foul Ball, location: 2F
2-1: Ground out 4-3 (Groundball, 4MS)
Bottom of the 3rd over - 0 run(s), 0 hit(s), 0 error(s), 0 left on base; Capital District 0 - Brooklyn 1
TOP OF THE 4TH
Capital District Red Knights batting - Pitching for Brooklyn Dodgers : RHP Bruce Wright
Batting: RHB Chris Costa 0-0: Ball
1-0: Swinging Strike
1-1: Ground out 6-3 (Groundball, 6)
Batting: LHB Mike Cook 0-0: Ball
1-0: SOLO HOME RUN (Flyball, 89XD), Distance : 430 ft
Batting: RHB José Paz 0-0: Fly out, F9 (Flyball, 9LSF)
Batting: SHB Zuberi Mccray 0-0: Called Strike
0-1: Ball
1-1: Foul Ball, location: 2F
1-2: Foul Ball, location: 2F
1-2: Foul Ball, location: 2F
1-2: SINGLE (Line Drive, 4M)
Batting: RHB Alfonso Enríquez 0-0: Foul Ball, location: 2F
0-1: Foul Ball, location: 2F
0-2: Ball
1-2: Foul Ball, location: 2F
1-2: Strikes out swinging
Top of the 4th over - 1 run(s), 2 hit(s), 0 error(s), 1 left on base; Capital District 1 - Brooklyn 1
BOTTOM OF THE 4TH
Brooklyn Dodgers batting - Pitching for Capital District Red Knights : LHP Myles Wilkerson
Batting: RHB Tony Justice 0-0: Called Strike
0-1: Ball
1-1: Ball
2-1: Foul Ball, location: 2F
2-2: Strikes out looking
Batting: SHB Leonard O'Connor 0-0: Ball
1-0: Called Strike
1-1: DOUBLE (Line Drive, 78M)
Batting: SHB Felipe Cisneros 0-0: Ball
1-0: Ball
2-0: Called Strike
2-1: Foul Ball, location: 2F
2-2: Foul Ball, location: 2F
2-2: Fly out, F8 (Flyball, 89D)
Runner from 2nd tags up, OUT at 3rd
Bottom of the 4th over - 0 run(s), 1 hit(s), 0 error(s), 0 left on base; Capital District 1 - Brooklyn 1
TOP OF THE 5TH
Capital District Red Knights batting - Pitching for Brooklyn Dodgers : RHP Bruce Wright
Batting: SHB Bernardo Hernández 0-0: Swinging Strike
0-1: Ball
1-1: Ground out 4-3 (Groundball, 4)
Batting: RHB Danilo Mosca 0-0: Ball
1-0: Ball
2-0: Called Strike
2-1: Called Strike
2-2: Foul Ball, location: 2F
2-2: Ball
3-2: Foul Ball, location: 2F
3-2: Base on Balls
Batting: LHB Francisco Sánchez 0-0: Ball
1-0: Ball
2-0: Ball
3-0: Base on Balls
Danilo Mosca to second
Batting: RHB Sergio Ortíz 0-0: Called Strike
0-1: Swinging Strike
0-2: Ball
1-2: Strikes out looking
Batting: RHB Chris Costa 0-0: Called Strike
0-1: Swinging Strike
0-2: Foul Ball, location: 2F
0-2: Foul Ball, location: 2F
0-2: Ball
1-2: Strikes out looking
Top of the 5th over - 0 run(s), 0 hit(s), 0 error(s), 2 left on base; Capital District 1 - Brooklyn 1
BOTTOM OF THE 5TH
Brooklyn Dodgers batting - Pitching for Capital District Red Knights : LHP Myles Wilkerson
Batting: RHB Vincent Crane 0-0: Foul Ball, location: 2F
0-1: Swinging Strike
0-2: Ball
1-2: Strikes out swinging
Batting: RHB Josh Stafford 0-0: Ball
1-0: Swinging Strike
1-1: Foul Ball, location: 2F
1-2: Ground out 4-3 (Groundball, 4S)
Batting: RHB Thom Wilcox 0-0: Swinging Strike
0-1: Swinging Strike
0-2: Ball
1-2: Ball
2-2: Strikes out looking
Bottom of the 5th over - 0 run(s), 0 hit(s), 0 error(s), 0 left on base; Capital District 1 - Brooklyn 1
TOP OF THE 6TH
Capital District Red Knights batting - Pitching for Brooklyn Dodgers : RHP Bruce Wright
Pitching: RHP Barry Jones
Batting: LHB Mike Cook 0-0: Ball
1-0: Fly out, F9 (Line Drive, 9)
Batting: RHB José Paz 0-0: Swinging Strike
0-1: Called Strike
0-2: SINGLE (Groundball, 6MD)
Batting: SHB Zuberi Mccray 0-0: Ball
1-0: Called Strike
1-1: Called Strike
1-2: Strikes out swinging
Batting: RHB Alfonso Enríquez 0-0: Ball
1-0: Fielders Choice at 2nd, 6-4 (Groundball, 56)
Top of the 6th over - 0 run(s), 1 hit(s), 0 error(s), 0 left on base; Capital District 1 - Brooklyn 1
BOTTOM OF THE 6TH
Brooklyn Dodgers batting - Pitching for Capital District Red Knights : LHP Myles Wilkerson
Batting: RHB Gustavo Mateo 0-0: Called Strike
0-1: Foul Ball, location: 2F
0-2: Ground out 6-3 (Groundball, 6)
Batting: LHB Avon Barksdale 0-0: SINGLE (Groundball, 34D)
Batting: LHB Ron Bascombe 0-0: Ball
1-0: Foul Ball, location: 2F
1-1: SINGLE (Groundball, 34)
Avon Barksdale to second
Runner from 2nd tries for 3rd, SAFE, throw made to third
Ron Bascombe to second
Batting: RHB Tony Justice 0-0: Ball
1-0: Foul Ball, location: 2F
1-1: Ball
2-1: Foul Ball, location: 2F
2-2: Foul Ball, location: 2F
2-2: Foul Ball, location: 2F
2-2: Foul Ball, location: 2F
2-2: Ball
3-2: SINGLE (Groundball, 6) (infield hit)
Avon Barksdale scores
Ron Bascombe to third
Batting: SHB Leonard O'Connor 0-0: Ball
1-0: Called Strike
Pickoff Throw to First - Out!
1-1: Foul Ball, location: 2F
1-2: Ball
2-2: Ball
Wild Pitch!
Ron Bascombe scores
3-2: Ground out 4-3 (Groundball, 4M)
Bottom of the 6th over - 2 run(s), 3 hit(s), 0 error(s), 0 left on base; Capital District 1 - Brooklyn 3
TOP OF THE 7TH
Capital District Red Knights batting - Pitching for Brooklyn Dodgers : RHP Barry Jones
Batting: SHB Bernardo Hernández 0-0: Ball
1-0: Ball
2-0: Ball
3-0: Called Strike
3-1: Foul Ball, location: 2F
3-2: Fly out, F9 (Flyball, 9S)
Batting: RHB Danilo Mosca 0-0: Ball
1-0: Ball
2-0: Swinging Strike
2-1: Foul Ball, location: 2F
2-2: Ball
3-2: Foul Ball, location: 2F
3-2: Strikes out looking
Batting: LHB Francisco Sánchez 0-0: Ball
1-0: Ball
2-0: Called Strike
2-1: SINGLE (Flyball, 89S)
Batting: RHB Sergio Ortíz 0-0: Ball
1-0: Ball
Francisco Sánchez steals 2nd base
2-0: Foul Ball, location: 2F
2-1: Called Strike
2-2: Ball
3-2: Fly out, F3 (Popup, 3S)
Top of the 7th over - 0 run(s), 1 hit(s), 0 error(s), 1 left on base; Capital District 1 - Brooklyn 3
BOTTOM OF THE 7TH
Brooklyn Dodgers batting - Pitching for Capital District Red Knights : LHP Myles Wilkerson
Batting: SHB Felipe Cisneros 0-0: Called Strike
0-1: Reached on error, E4 (Popup, 34D)
Batting: RHB Vincent Crane 0-0: Bunted foul
0-1: Ball
1-1: Ball
2-1: Ball
3-1: Sac Bunt - play at second, runner OUT! 1-6
Pitching: RHP Luis Hernández
Batting: RHB Josh Stafford 0-0: SINGLE (Line Drive, 9S)
Vincent Crane to second
Batting: RHB Thom Wilcox 0-0: Ball
Vincent Crane steals 3rd base
Josh Stafford to second
1-0: Ball
2-0: Swinging Strike
2-1: Called Strike
2-2: Strikes out swinging
Batting: RHB Gustavo Mateo 0-0: Foul Ball, location: 2F
0-1: Fly out, F5 (Line Drive, 5)
Bottom of the 7th over - 0 run(s), 1 hit(s), 1 error(s), 2 left on base; Capital District 1 - Brooklyn 3
TOP OF THE 8TH
Capital District Red Knights batting - Pitching for Brooklyn Dodgers : RHP Barry Jones
Batting: RHB Chris Costa 0-0: Ball
1-0: Swinging Strike
1-1: Called Strike
1-2: Fly out, F6 (Flyball, 6D)
Pitching: LHP Sjaak Bonne
Batting: LHB Mike Cook 0-0: Called Strike
0-1: Fly out, F9 (Flyball, 9LD)
Batting: RHB José Paz 0-0: Foul Ball, location: 2F
0-1: Ball
1-1: Ground out 5-3 (Groundball, 56S)
Top of the 8th over - 0 run(s), 0 hit(s), 0 error(s), 0 left on base; Capital District 1 - Brooklyn 3
BOTTOM OF THE 8TH
Brooklyn Dodgers batting - Pitching for Capital District Red Knights : RHP Luis Hernández
Batting: LHB Avon Barksdale 0-0: Called Strike
0-1: Swinging Strike
0-2: Ball
1-2: Ball
2-2: SINGLE (Groundball, 34S) (infield hit)
Batting: LHB Ron Bascombe 0-0: Ball
1-0: Foul Ball, location: 2F
1-1: Ball
2-1: Swinging Strike
2-2: Ball
3-2: Foul Ball, location: 2F
3-2: Base on Balls
Avon Barksdale to second
Pinch Hitting: RHB Oliver Aranda 0-0: Bunted foul
0-1: Bunted foul
0-2: Ball
1-2: Ball
2-2: Ball
3-2: Base on Balls
Avon Barksdale to third
Ron Bascombe to second
Batting: SHB Leonard O'Connor 0-0: Called Strike
0-1: Swinging Strike
0-2: Strikes out swinging
Batting: SHB Felipe Cisneros 0-0: Called Strike
0-1: Ball
1-1: Ball
2-1: Foul Ball, location: 2F
2-2: Ball
Wild Pitch!
Avon Barksdale scores
Ron Bascombe to third
Oliver Aranda to second
3-2: Foul Ball, location: 2F
3-2: Base on Balls
Batting: RHB Vincent Crane 0-0: Ball
1-0: Ball
2-0: Foul Ball, location: 2F
2-1: DOUBLE (Line Drive, 7)
Ron Bascombe scores
Oliver Aranda scores
Felipe Cisneros to third
Pitching: RHP José Trujillo
Batting: RHB Josh Stafford 0-0: Ground out 4-3 (Groundball, 4)
Felipe Cisneros scores
Vincent Crane to third
Batting: RHB Thom Wilcox 0-0: Ball
1-0: Ball
2-0: Swinging Strike
2-1: Ground out 4-3 (Groundball, 4M)
Bottom of the 8th over - 4 run(s), 2 hit(s), 0 error(s), 1 left on base; Capital District 1 - Brooklyn 7
TOP OF THE 9TH
Capital District Red Knights batting - Pitching for Brooklyn Dodgers : LHP Sjaak Bonne
Now in CF: Oliver Aranda
Batting: SHB Zuberi Mccray 0-0: Called Strike
0-1: Ball
1-1: Ball
2-1: Called Strike
2-2: Strikes out swinging
Batting: RHB Alfonso Enríquez 0-0: Called Strike
0-1: Ball
1-1: Foul Ball, location: 2F
1-2: Foul Ball, location: 2F
1-2: Strikes out looking
Batting: SHB Bernardo Hernández 0-0: Ground out 6-3 (Groundball, 6)
Top of the 9th over - 0 run(s), 0 hit(s), 0 error(s), 0 left on base; Capital District 1 - Brooklyn 7
Monday, March 20th, 2017 - OOTP Baseball 17.12 Build 75